 Dungeon Crawl Stone Soup version 0.22-a0-538-g76cc104 (webtiles) character file.

59 Goblin1989 the Chopper (level 4, -1/38 HPs)
             Began as a Hill Orc Skald on June 23, 2018.
             Slain by Jessica
             ... wielding a +1 dagger of venom
              (3 damage)
             ... on level 2 of the Dungeon.
             The game lasted 00:05:39 (1652 turns).

Goblin1989 the Chopper (Hill Orc Skald)             Turns: 1652, Time: 00:05:40

Health: -1/38      AC:  3    Str: 13 (14) XL:     4   Next: 3%
Magic:  6/6        EV: 11    Int: 16 (18) God:
Gold:   53         SH:  0    Dex:  7 (10) Spells: 5/6 levels left

rFire    + . .     SeeInvis .   a - +0 hand axe
rCold    + . .     Gourm    .   (no shield)
rNeg     . . .     Faith    .   b - +0 leather armour
rPois    +         Spirit   .   (no helmet)
rElec    +         Reflect  .   (no cloak)
rCorr    +         Harm     .   (no gloves)
MR       .....                  (no boots)
Stlth    +.........             (no amulet)
HPRegen  0.12/turn              (no ring)
MPRegen  0.10/turn              (no ring)

@: brilliant, lethally poisoned (-1 -> -16), resistant
A: no striking features
a: no special abilities


You were on level 2 of the Dungeon.
You were hungry.

You visited 1 branch of the dungeon, and saw 2 of its levels.

You collected 53 gold pieces.

Inventory:

Hand Weapons
 a - a +0 hand axe (weapon)
 h - a +0 hunting sling
Missiles
 s - 50 stones (quivered) {@Q3}
 x - 18 sling bullets
Armour
 b - a +0 leather armour (worn)
 i - a +0 plate armour
 m - a +0 chain mail
 v - a +0 helmet
Scrolls
 o - a scroll of immolation {unknown}
 B - a scroll of blinking
 T - a scroll of teleportation
Comestibles
 e - a ration
 C - 2 chunks of flesh


   Skills:
 + Level 3.2 Fighting
 * Level 4.3 Axes
 + Level 2.1 Armour
 + Level 1.7 Dodging
 - Level 1.5 Spellcasting
 - Level 2.6 Charms


You had 5 spell levels left.
You knew the following spells:

 Your Spells              Type           Power        Failure   Level  Hunger
a - Infusion              Chrm           ###.         1%          1    ##.....

Your spell library contained the following spells:

 Spells                   Type           Power        Failure   Level  Hunger
 Regeneration             Chrm/Necr      ###.......   5%          3    ####...
 Shroud of Golubria       Chrm/Tloc      ###.......   3%          2    ###....
 Song of Slaying          Chrm           ###.....     1%          2    ###....
 Spectral Weapon          Hex/Chrm       ###.....     5%          3    ####...


Dungeon Overview and Level Annotations

Branches:
Dungeon (2/15)

Altars:

Annotations:
D:2 Jessica


Message History

Jessica seems to speed up.
You slash Jessica!
Jessica is almost dead.
Jessica drinks a potion.
Jessica is healed!
Jessica mumbles some strange words.
Jessica blinks!
Jessica gestures at you while chanting.
You barely resist. The goblin closely misses you.
Jessica gestures at you while chanting. Pain shoots through your body!
* * * LOW HITPOINT WARNING * * *
The goblin hits you.
* * * LOW HITPOINT WARNING * * *
You take 13 damage, and have 2/38 hp.
MASSIVE DAMAGE!!
It was a potion of heal wounds.
You feel much better. The goblin barely misses you.
Jessica says, "I'm really upset."
Jessica casts a spell at you. Pain shoots through your body!
* * * LOW HITPOINT WARNING * * *
You regained 15 hp, and now have 17/38 hp.
Jessica shouts, "Stop bothering me, or I'll kill you!"
Jessica hits you with a dagger of venom.
* * * LOW HITPOINT WARNING * * *
You are poisoned.
The goblin hits you.
* * * LOW HITPOINT WARNING * * *
You take 5 damage, and have 12/38 hp.
You feel much better.
You feel sick.
Jessica hits you with a dagger of venom.
You are more poisoned.
Jessica hits you but does no damage. The goblin hits you but does no damage.
You regained 24 hp, and now have 36/38 hp.
Unknown command.
You barely miss Jessica.
Jessica is lightly wounded.
You hit the goblin but do no damage.
You feel sick.
Jessica shouts, "Stop bothering me, or I'll kill you!"
Jessica hits you with a dagger of venom.
You are more poisoned.
The goblin hits you. Jessica casts a spell at you.
Pain shoots through your body! The goblin barely misses you.
Jessica barely misses you.
You take 8 damage, and have 28/38 hp.
MASSIVE DAMAGE!!
You closely miss Jessica. You hit the goblin.
You feel very sick.
Jessica hits you with a dagger of venom.
The goblin hits you.
Jessica mumbles some strange words.
Jessica blinks!
The goblin closely misses you.
You take 9 damage, and have 19/38 hp.
MASSIVE DAMAGE!!
You feel sick.
You take 2 damage, and have 17/38 hp.
Unknown command.
You hit the goblin.
You kill the goblin!
You feel sick.
You take 2 damage, and have 15/38 hp.
It was a potion of degeneration.
There was something very wrong with that liquid.
You feel weakened.
You feel dopey.
You feel clumsy.
You feel sick. Jessica closely misses you.
Jessica hits you with a dagger of venom.
* * * LOW HITPOINT WARNING * * *
You are more poisoned.
Jessica hits you but does no damage.
You take 4 damage, and have 11/38 hp.
It was a potion of resistance.
You feel protected.
You are feeling hungry.
* * * LOW HITPOINT WARNING * * *
You feel very sick. Jessica closely misses you.
Jessica gestures wildly while chanting.
Jessica blinks!
You take 2 damage, and have 9/38 hp.
It was a potion of brilliance.
You feel clever all of a sudden.
You feel yourself speed up.
* * * LOW HITPOINT WARNING * * *
You feel very sick.
Jessica shouts, "Stop bothering me, or I'll kill you!"
You take 3 damage, and have 6/38 hp.
Unknown command.
* * * LOW HITPOINT WARNING * * *
You feel sick.
Jessica mumbles some strange words.
Jessica blinks!
You see here a rat corpse.
You take 1 damage, and have 5/38 hp.
* * * LOW HITPOINT WARNING * * *
You feel sick.
Items here: ) †††† a club; a frilled lizard corpse; a giant cockroach corpse; a quokka corpse a hobgoblin corpse You take 2 damage, and have 3/38 hp.
* * * LOW HITPOINT WARNING * * *
You feel sick.
Jessica hits you with a dagger of venom.
You die...

█ █(.......
█.██.████..██
█....██..!.. .
████.██.█..███.█
█.██.......
█.██...█.████
█†██.........
█.████)██.(██.██..
█......@@.........
█.█████.██....█...
.........█
███.███.....$ █..
...█... ...
....... █%..
....... ██.█
......


You could see Jessica.

Vanquished Creatures
  An ooze (D:1)
  2 worms
  2 dart slugs (D:1)
  A leopard gecko (D:1)
  2 bats (D:1)
  3 giant cockroaches (D:2)
  10 goblins
  4 hobgoblins
  A quokka (D:2)
  2 ball pythons
  3 frilled lizards
  2 kobolds
  9 rats
42 creatures vanquished.

Notes
Turn   | Place    | Note
-------+----------+-------------------------------------------
     0 | D:1      | Goblin1989 the Hill Orc Skald began the quest for the Orb.
     0 | D:1      | Reached XP level 1. HP: 18/18 MP: 3/3
    93 | D:1      | Reached skill level 3 in Axes
   104 | D:1      | Reached XP level 2. HP: 11/25 MP: 0/4
   573 | D:1      | Reached XP level 3. HP: 29/30 MP: 5/5
   838 | D:1      | Reached skill level 4 in Axes
  1614 | D:2      | Reached XP level 4. HP: 23/38 MP: 6/6
  1631 | D:2      | Noticed Jessica
  1652 | D:2      | Slain by Jessica

Vault maps used:
D:1:      nzn_arrival_settlement
D:2:      elyvilon_altar_4, first_ration, minmay_cupped, uniq_jessica,
          uniq_natasha

Skill      XL: |  1  2  3 |
---------------+----------+-----
Axes           | 3 4 |  4.3
Fighting       | 3 |  3.2
Armour         | 2 |  2.1
Dodging        | |  1.7
Spellcasting   | |  1.5
Charms         | |  2.6

Action                   |  1- 3 |  4- 6 || total
-------------------------+-------+-------++-------
Melee: Hand axe          |   116 |     5 ||   121
 Cast: Infusion          |     1 |       ||     1
  Use: Scroll            |     3 |       ||     3
       Potion            |       |     5 ||     5
  Eat: Chunk             |     2 |       ||     2
Armor: Leather armour    |    16 |     2 ||    18
Dodge: Dodged            |    54 |     8 ||    62

Table legend:
 A = Spawn XP
 B = Non-spawn XP
 C = Spawn XP percentage of total XP
 D = Spawn monster count
 E = Non-spawn monster count
 F = Spawn count percentage of total count
 G = Total turns spent on level
                    A         B        C        D         E        F      G
               +---------+---------+-------+---------+---------+-------+---------
         Total |       0 |      85 |   0.0 |       0 |      42 |   0.0 |  1652
               +---------+---------+-------+---------+---------+-------+---------
           D:1 |       0 |      59 |   0.0 |       0 |      28 |   0.0 |  1228
           D:2 |       0 |      26 |   0.0 |       0 |      14 |   0.0 |   424
               +---------+---------+-------+---------+---------+-------+---------

Vault maps used:
D:1:      nzn_arrival_settlement
D:2:      elyvilon_altar_4, first_ration, minmay_cupped, uniq_jessica,
          uniq_natasha
